 Dungeon Crawl Stone Soup version 0.26-a0-540-g8a0c9464d7 (webtiles) character file.

Game seed: 16808791422816296864

4978 Lanoc the Arsonist (level 10, -4/50 HPs)
             Began as a Deep Elf Fire Elementalist on Aug 16, 2020.
             Was an Elder of Uskayaw.
             Slain by a gnoll sergeant
             ... wielding a +0 glaive
              (23 damage)
             ... in a bailey.
             The game lasted 00:16:34 (10243 turns).

Lanoc the Arsonist (Deep Elf Fire Elementalist)    Turns: 10243, Time: 00:16:35

Health: -4/50      AC:  2    Str:  5    XL:     10   Next: 29%
Magic:  10/16      EV: 18    Int: 24    God:    Uskayaw [****..]
Gold:   500        SH:  0    Dex: 15    Spells: 5/15 levels left

rFire    + + .     SeeInvis +   s - staff of fire
rCold    . . .     Faith    .   (no shield)
rNeg     . . .     Spirit   .   D - +0 robe {rF+}
rPois    +         Reflect  .   (no helmet)
rElec    .         Harm     .   r - scarf {repulsion}
rCorr    .                      (no gloves)
MR       +....                  (no boots)
Stlth    ++........             t - amulet of magic regeneration
HPRegen  0.16/turn              B - ring of see invisible
MPRegen  0.40/turn              C - ring of poison resistance

@: repel missiles
A: no striking features
a: Stomp, Line Pass, Renounce Religion


You were in a bailey.
You worshipped Uskayaw.
Uskayaw was noncommittal.
You visited 2 branches of the dungeon, and saw 11 of its levels.
You also visited: Bailey.

You collected 539 gold pieces.
You spent 39 gold pieces at shops.

Inventory:

Hand Weapons
 v - a +3 quarterstaff of chaos
Missiles
 m - 2 curare-tipped darts (quivered)
Armour
 r - a scarf of repulsion (worn)
 D - a +0 robe of fire resistance (worn)
 H - quicksilver dragon scales
Magical Staves
 s - an uncursed staff of fire (weapon)
Jewellery
 t - an amulet of magic regeneration (around neck)
 A - an uncursed ring of resist corrosion
 B - a ring of see invisible (left hand)
 C - a ring of poison resistance (right hand)
Wands
 i - a wand of acid (6)
 w - a wand of digging (7)
Scrolls
 a - a scroll of fog {unknown}
 b - 4 scrolls of blinking {unknown}
 c - 13 scrolls of identify
 e - 2 scrolls of amnesia {unknown}
 h - 3 scrolls of magic mapping {unknown}
 j - 6 scrolls of teleportation {unknown}
 k - a scroll of immolation {unknown}
 l - 2 scrolls of random uselessness {unknown}
 n - 2 scrolls of enchant armour {unknown}
 p - 2 scrolls of noise {unknown}
 q - 3 scrolls of remove curse {unknown}
 E - a scroll of summoning {unknown}
 J - a scroll of enchant weapon {unknown}
Potions
 g - 4 potions of curing
 o - 2 potions of heal wounds
 u - a potion of cancellation
 x - 4 potions of stabbing
 z - a potion of magic
 F - a potion of ambrosia {unknown}
 G - 2 potions of lignification {unknown}
 I - a potion of mutation {unknown}


   Skills:
 + Level 9.1 Dodging
 - Level 2.4 Stealth
 - Level 3.0 Spellcasting
 + Level 8.1 Conjurations
 * Level 11.7 Fire Magic
 + Level 4.0 Invocations


You had 5 spell levels left.
You knew the following spells:

 Your Spells              Type           Power        Failure   Level
a - Foxfire               Conj/Fire      ####         1%          1
b - Sticky Flame          Conj/Fire      ######..     1%          4
c - Fireball              Conj/Fire      ######....   5%          5

Your spell library contained the following spells:

 Spells                   Type           Power        Failure   Level
 Conjure Flame            Conj/Fire      ######..     1%          3
 Inner Flame              Hex/Fire       #####...     3%          3
 Confusing Touch          Hex            #.......     32%         3
 Gell's Gravitas          Tloc           #.........   32%         3
 Petrify                  Tmut/Erth      #.......     71%         4
 Metabolic Englaciation   Hex/Ice        #.........   96%         5
 Yara's Violent Unravell  Hex/Tmut       #.........   96%         5


Dungeon Overview and Level Annotations

Branches:
Dungeon (10/15)            Temple (1/1) D:5             Orc (0/2) D:9
 Bailey (1/1)
   Lair: D:8-11

Altars:
Cheibriados
Dithmenos
Elyvilon
Fedhas
Hepliaklqana
Kikubaaqudgha
Nemelex Xobeh
Trog
Uskayaw
Vehumet
Wu Jian
Xom
Yredelemnul
Zin

Shops:
D:4 !   D:6 [   D:9 (


Message History

The fireball engulfs the gnoll!!
You kill the gnoll!
The fireball engulfs the gnoll!!
You kill the gnoll!
The gnoll completely misses you.
The gnoll sergeant hits you from afar with a +0 glaive!
Uskayaw will force your foes to share their pain.
Uskayaw links your audience in an emotional bond!
Casting: Fireball (quite dangerous; 5% risk of failure)
Confirm with . or Enter, or press ? or * to list all spells.
You feel a surge of power!
You conjure some foxfire!
The gnoll misses you.
Casting: Foxfire (safe; 1% risk of failure)
Confirm with . or Enter, or press ? or * to list all spells.
You feel a surge of power!
You conjure some foxfire!
The foxfire hits the gnoll sergeant but does no damage.
The gnoll sergeant is almost dead.
The foxfire hits the gnoll sergeant but does no damage.
The gnoll sergeant is almost dead.
The gnoll sergeant hits you from afar with a +0 glaive!!
You die...

♣≈≈.. ♣.≈..# ♣♣.≈..#
♣♣..≈..# ♣...≈..# #
♣...≈..# ..
♣♣...≈..##### ..g
#♣♣♣.g)....'...#...$
#∩v@∩))....'.).'g..8
#♣♣♣v))....'.).#g..$
♣♣g..≈..##### ..g
♣♣..≈..# .. ♣..≈..#
# ♣..≈..# ♣♣.≈..#
♣.≈..# ♣♣≈≈..


You could see a gnoll sergeant (pain bonded) and a gnoll (pain bonded).

Vanquished Creatures
  A two-headed ogre (D:9)
  A centaur zombie (D:8)
  Prince Ribbit (D:5)
  A wyvern (D:7)
  An orc warrior (D:7)
  2 sky beasts
  2 ice beasts
  An eye of draining (D:9)
  An ogre (D:9)
  3 centaurs
  A gnoll sergeant (Bailey)
  Blork the orc (D:5)
  2 bullfrogs
  A scorpion (D:7)
  4 killer bees (D:8)
  8 wights
  3 howler monkeys
  3 bullfrog zombies
  2 gnoll shamans
  A jelly (D:6)
  2 bullfrog skeletons
  12 hounds
  8 orc priests
  Crazy Yiuf (D:5)
  A centaur skeleton (D:9)
  4 iguanas
  7 orc wizards
  7 worker ants
  A killer bee zombie (D:7)
  22 gnolls
  A worker ant zombie (D:7)
  8 adders
  3 shadow imps
  3 oozes (D:3)
  3 adder skeletons
  An adder zombie (D:7)
  3 worms
  8 leopard geckos
  35 orcs
  A ball python (D:8)
  5 bats
  6 giant cockroaches
  11 goblins
  5 hobgoblins
  21 jackals
  7 kobolds
  4 quokkas
  6 frilled lizards
  A leopard gecko zombie (D:8)
  A quokka skeleton (D:6)
  3 rats
241 creatures vanquished.

Vanquished Creatures (others)
  1233 foxfires
1233 creatures vanquished.

Grand Total: 1474 creatures vanquished

Notes
Turn   | Place    | Note
-------+----------+-------------------------------------------
     0 | D:1      | Lanoc the Deep Elf Fire Elementalist began the quest for
                  | the Orb.
     0 | D:1      | Reached XP level 1. HP: 10/10 MP: 6/6
    97 | D:1      | Reached XP level 2. HP: 15/15 MP: 0/8
   466 | D:1      | Reached skill level 4 in Fire Magic
   816 | D:1      | Reached XP level 3. HP: 19/19 MP: 7/9
  2104 | D:3      | Reached XP level 4. HP: 21/24 MP: 5/10
  2821 | D:3      | Reached skill level 5 in Fire Magic
  2821 | D:3      | Reached XP level 5. HP: 20/28 MP: 0/11
  3595 | D:4      | Found a shimmering altar of Xom.
  3727 | D:4      | Reached XP level 6. HP: 26/32 MP: 7/12
  3951 | D:4      | Found Coaluny's Distillery.
  3959 | D:4      | Bought a potion of curing for 39 gold pieces
  4428 | D:5      | Entered Level 5 of the Dungeon
  4431 | D:5      | Reached skill level 6 in Fire Magic
  4491 | D:5      | Noticed Prince Ribbit
  4498 | D:5      | Killed Prince Ribbit
  4498 | D:5      | Reached skill level 5 in Dodging
  4498 | D:5      | Reached XP level 7. HP: 32/36 MP: 8/13
  4528 | D:5      | Found a shadowy altar of Dithmenos.
  4594 | D:5      | Noticed Blork the orc
  4602 | D:5      | Killed Blork the orc
  4661 | D:5      | Found a staircase to the Ecumenical Temple.
  4668 | Temple   | Entered the Ecumenical Temple
  4697 | Temple   | Became a worshipper of Uskayaw the Reveler
  4747 | D:5      | Reached * piety under Uskayaw
  4749 | D:5      | Reached ** piety under Uskayaw
  4751 | D:5      | Reached skill level 7 in Fire Magic
  4752 | D:5      | Reached *** piety under Uskayaw
  4753 | D:5      | Reached **** piety under Uskayaw
  4783 | D:5      | Found a runed translucent door.
  4784 | D:5      | Noticed Crazy Yiuf
  5173 | D:5      | Killed Crazy Yiuf
  5334 | D:6      | Found a hide-covered altar of Uskayaw.
  5392 | D:6      | Reached skill level 5 in Conjurations
  5392 | D:6      | Reached skill level 8 in Fire Magic
  5392 | D:6      | Reached XP level 8. HP: 41/41 MP: 9/14
  5897 | D:6      | Found Qaryemne's Armour Shop.
  6385 | D:6      | Learned a level 4 spell: Sticky Flame
  6391 | D:6      | Learned a level 5 spell: Fireball
  6409 | D:7      | Reached skill level 9 in Fire Magic
  6465 | D:7      | Reached ***** piety under Uskayaw
  6920 | D:7      | Reached XP level 9. HP: 45/45 MP: 11/15
  7094 | D:7      | Reached skill level 10 in Fire Magic
  7474 | D:7      | Found a white marble altar of Elyvilon.
  7916 | D:8      | Reached skill level 1 in Invocations
  8463 | D:8      | Reached skill level 11 in Fire Magic
  9272 | D:9      | Found an ancient bone altar of Kikubaaqudgha.
  9287 | D:9      | Found a glowing silver altar of Zin.
  9290 | D:9      | Found a radiant altar of Vehumet.
  9363 | D:9      | Reached XP level 10. HP: 50/50 MP: 12/16
  9373 | D:9      | Found Marphe's Antique Weapon Boutique.
  9405 | D:9      | Noticed a two-headed ogre
  9410 | D:9      | Killed a two-headed ogre
  9567 | D:9      | Found a staircase to the Orcish Mines.
 10039 | D:10     | Entered Level 10 of the Dungeon
 10039 | D:10     | Noticed a green ugly thing
 10048 | D:10     | Found a flagged portal.
 10058 | Bailey   | Entered a bailey
 10243 | Bailey   | Slain by a gnoll sergeant

Illustrated notes

Levels and vault maps discovered:
D:1:      wheals_arrival_shading, layout_basic
D:2:      layout_basic, glass_columns_a, minmay_misc_feat_tiny
D:3:      layout_basic, kennysheep_flooded_box, grunt_ministairs_5
D:4:      layout_basic, serial_shops, shop, xom_teletrap_fun
D:5:      layout_gridville, grunt_dithmenos_smoke, minmay_temple_entry_wispy,
          uniq_blork_the_orc, uniq_prince_ribbit1, uniq_crazy_yiuf_cottage
D:6:      layout_cave_pools, serial_shops, shop, basic_altar
D:7:      layout_gridville, lemuel_doored_altar
D:8:      layout_loops_ring
D:9:      layout_layer_cave, grunt_temple_overflow_open, orc_0_dummy,
          serial_shops, shop
D:10:     minmay_shrinking_squares, layout_loops_cross, serial_undead,
          serial_undead_b, serial_undead_d, serial_undead_f, serial_undead_b,
          enter_bailey_6
Temple:   nicolae_temple_elliptical
Bailey:   bailey_polearm_gnolls_kennysheep, bailey

Skill      XL: |  1  2  3  4  5  6  7  8  9 10 |
---------------+-------------------------------+-----
Fire Magic     | 4 5 6 8 9 11 | 11.7
Dodging        | 3 4 5 6 7 8 9 |  9.1
Conjurations   | 2 3 4 5 6 7 8 |  8.1
Invocations    | 3 4 |  4.0
Stealth        | |  2.4
Spellcasting   | |  3.0

Action                   |  1- 3 |  4- 6 |  7- 9 | 10-12 || total
-------------------------+-------+-------+-------+-------++-------
Melee: Unarmed           |    23 |     5 |       |       ||    28
       Staff             |       |       |    30 |       ||    30
 Cast: Foxfire           |    91 |   154 |   397 |    71 ||   713
       Sticky Flame      |       |       |    14 |     1 ||    15
       Fireball          |       |       |     1 |     5 ||     6
  Use: Potion            |       |       |     1 |     6 ||     7
       Scroll            |       |       |       |     1 ||     1
 Stab: Sleeping          |     1 |       |     1 |       ||     2
Armor: Robe              |    24 |       |     8 |     2 ||    34
Dodge: Dodged            |    58 |    20 |    97 |    33 ||   208
       Repelled          |       |     1 |       |     1 ||     2

Table legend: (Time is in decaauts)
 A = Elapsed time spent in this place.
 B = Non-inter-level travel time spent in this place.
 C = Inter-level travel time spent in this place.
 D = Time resting spent in this place.
 E = Time spent auto-exploring this place.
 F = Levels seen in this place.
 G = Mean time per level.
                   A        B        C        D        E       F      G
               +--------+--------+--------+--------+--------+-----+--------+
         Total |  10239 |  10053 |    186 |    386 |   8036 |  12 |  853.2 |
       Dungeon |  10020 |   9834 |    186 |    260 |   8032 |  10 | 1002.0 |
        Temple |     39 |     39 |      0 |      0 |      0 |   1 |   39.0 |
        Bailey |    179 |    179 |      0 |    126 |      4 |   1 |  179.0 |
               +--------+--------+--------+--------+--------+-----+--------+

Top non-repeatable levels by time:
     D:3: 1499 daAuts
     D:6: 1349 daAuts
     D:1: 1326 daAuts
     D:8: 1256 daAuts
     D:7: 1219 daAuts
     D:9: 949 daAuts
     D:4: 834 daAuts
     D:5: 799 daAuts
     D:2: 766 daAuts
  Bailey: 179 daAuts
  Temple: 39 daAuts
    D:10: 18 daAuts
